Map: Remanso LE

Players

IagoAbreu

  • Race: Zerg Zerg
  • League: Gold
  • Spawn Location: 5:00

Falk - Winner!

  • Race: Terran Terran
  • League: Silver
  • Spawn Location: 11:00

VOD

Have the link to the VOD?

Description

Time

  • Played on: May 12, 2018, 10:33 a.m.
  • Length: 13:14
Show
View Real Time Build Order
Export as new Build Order

IagoAbreu Zerg 

Build Orders: Pool First 

Get SALT Encoding   

  12  0:03  Drone  
  13  0:12  Overlord  
  13  0:17  Drone  
  14  0:21  Extractor  
  14  0:24  Drone  
  14  0:32  Drone  
  15  0:36  Drone  
  16  0:54  Spawning Pool  
  15  0:58  Drone  
  15  0:59  Drone  
  17  1:10  Evolution Chamber  
  16  1:12  Drone  
  17  1:19  Drone  
  18  1:31  Drone  
  19  1:41  Drone  
  19  1:42  Queen  
  22  1:49  Zerg Melee Weapons Level 1  
  22  2:01  Overlord  
  22  2:07  Hatchery  
  21  2:09  Drone  
  22  2:31  Zergling x4  
  24  2:47  Zergling x4  
  24  2:48  Metabolic Boost  
  26  2:53  Zergling x6  
  28  3:21  Zergling x4  
  28  3:22  Zergling x2  
  28  3:25  Queen  
  33  3:29  Drone  
  34  3:41  Zergling x2  
  34  3:42  Overlord  
  34  3:43  Overlord x2  
  35  3:56  Zerg Ground Armor Level 1  
  35  4:12  Zergling x10  
  35  4:13  Zergling x6  
  34  4:31  Lair  
  33  4:51  Zergling x12  
  33  4:52  Zergling x8  
  43  4:55  Burrow  
  35  5:24  Zergling x18  
  35  5:25  Zergling x2  
  35  5:49  Zerg Melee Weapons Level 2  
  35  6:09  Zergling x16  
  35  6:10  Zergling x2  
  44  6:30  Zergling x2  
  44  6:31  Zergling x8  
  36  7:41  Zergling x18  
  36  7:42  Zergling x10  
  50  7:53  Pneumatized Carapace  
  50  8:01  Hydralisk Den  
  49  8:40  Queen  
  51  8:43  Zerg Missile Weapons Level 1  
  50  8:49  Extractor  
  50  8:54  Extractor  
  48  8:56  Overlord, Extractor  
  48  8:59  Overlord  
  48  9:01  Queen  
  49  9:17  Overseer  
  49  9:19  Overseer  
  25  9:58  Drone  
  25  9:59  Drone  
  27  10:13  Muscular Augments  
  27  10:23  Hatchery  
  26  10:42  Hydralisk x9  
  34  10:49  Zergling x22  
  51  11:06  Hydralisk x2  
  35  11:25  Queen x2  
  12  12:10  Drone x11  
  1  12:47  Hatchery  
Show
View Real Time Build Order
Export as new Build Order

Falk Terran - Winner!

Build Orders: MMM Bio 

Get SALT Encoding   

  12  0:03  SCV  
  13  0:18  SCV, Supply Depot  
  14  0:29  Refinery  
  14  0:30  SCV  
  15  0:44  Barracks  
  15  0:47  SCV  
  16  0:59  SCV  
  17  1:11  SCV, Barracks  
  18  1:23  SCV  
  19  1:31  Reaper  
  20  1:35  SCV  
  21  1:46  Supply Depot  
  21  1:47  SCV  
  21  1:49  Engineering Bay  
  22  1:59  SCV, Factory  
  23  2:02  Barracks Tech Lab  
  23  2:07  Marine  
  24  2:19  Barracks  
  24  2:54  Marine  
  24  2:57  Barracks Reactor, Stimpack  
  25  3:12  Marine  
  25  3:22  Factory Tech Lab  
  25  3:29  Refinery  
  25  3:30  Marine  
  25  3:32  Command Center  
  25  3:33  Barracks Reactor  
  26  3:34  Marine x2  
  28  3:48  Marine, Orbital Command  
  29  3:52  Marine x2  
  30  4:06  Marine  
  31  4:13  Supply Depot  
  31  4:34  Marine x4, Siege Tank  
  38  4:40  Starport  
  38  4:52  Marine x2  
  40  4:57  Terran Infantry Weapons Level 1  
  40  5:05  Supply Depot  
  39  5:20  SCV  
  40  5:32  SCV  
  31  5:44  Medivac  
  31  5:49  SCV  
  34  5:53  Marine x4  
  34  5:55  Combat Shields  
  38  6:02  SCV  
  39  6:07  SCV, Supply Depot  
  39  6:11  Marine  
  40  6:14  Marauder  
  40  6:16  Barracks Reactor  
  43  6:19  SCV  
  44  6:31  SCV  
  45  6:41  Marine x2  
  48  6:50  Marauder  
  49  6:59  Marine x2  
  37  7:11  Marauder  
  38  7:17  Marine x2  
  40  7:24  SCV  
  40  7:27  SCV  
  41  7:35  Marine x2  
  41  7:36  SCV  
  44  7:38  Banshee  
  44  7:39  SCV  
  44  7:42  Supply Depot  
  48  7:51  SCV  
  48  7:53  Marine  
  50  8:03  SCV  
  51  8:15  SCV  
  52  8:24  Marine  
  52  8:25  Marine  
  52  8:26  Marine x2  
  56  8:27  SCV  
  56  8:34  Concussive Shells  
  57  8:37  Hellion x2  
  61  8:42  Marine x2  
  61  8:44  Marine x2  
  65  8:52  SCV  
  65  8:54  Supply Depot  
  66  9:04  SCV  
  50  9:48  Medivac  
  52  10:08  Supply Depot  
  52  10:10  Marine x2  
  52  10:11  Marine  
  52  10:13  Hellion  
  52  10:14  Hellion  
  59  10:16  Marine x2  
  61  10:22  Supply Depot  
  61  10:28  Marine x2  
  62  10:29  Marine  
  62  10:34  Marine x2  
  66  10:47  Marine  
  67  10:52  Marine x2  
Tags
 
Composition
MMM Bio
Matchup
TvZ
Opening
Pool First
Spawn Locations
Cross Positions
Add a new tag
Caveats
  • Supply blocks, unpowered buildings, or Contaminate may cause inaccurate times.
  • Supply counts are checked every 10 seconds.